 Dungeon Sprint DCSS version 0.21.2 (webtiles) character file.

10 Flooderbenga the Grave Robber (level 2, -8/21 HPs)
             Began as a Gnoll Necromancer on Oct 13, 2018.
             Was an Initiate of Cheibriados (penitent).
             Mangled by a hell rat (15 damage)
             ... in the Dungeon (Sprint II: "The Violet Keep of Menkaure").
             The game lasted 00:11:18 (129 turns).

Flooderbenga the Grave Robber (Gnoll Necromancer)    Turns: 129, Time: 00:11:19

Health: -8/21      AC:  2    Str: 10    XL:     2   Next: 20%
Magic:  8/8        EV: 15    Int: 17    God:    Cheibriados [*]
Gold:   243        SH:  0    Dex: 15    Spells: 9/11 levels left

rFire    . . .     SeeInvis .     - Unarmed
rCold    . . .     Gourm    .   (no shield)
rNeg     . . .     Faith    .   a - +0 robe
rPois    .         Spirit   .   (no helmet)
rElec    .         Reflect  .   (no cloak)
rCorr    .         Harm     .   (no gloves)
MR       .....     NoTele   +   (no boots)
Stlth    ++........             (no amulet)
HPRegen  0.07/turn              (no ring)
MPRegen  0.11/turn              (no ring)

@: very slightly contaminated, hasted, slow
A: distributed training, fangs 1, strong nose
a: Renounce Religion


You were in the Dungeon.
You worshipped Cheibriados.
Cheibriados was demanding penance.
You were not hungry.

You visited 1 branch You collected 243 gold pieces.

Inventory:

Armour
 a - a +0 robe (worn)
Potions
 e - a potion of heal wounds {@q2}
 g - 2 potions of magic
 q - a potion of curing {@q1}
Books
 b - a book of Necromancy

   Spells                             Type                      Level
   a - Pain                           Necromancy                   1
   b - Animate Skeleton               Necromancy                   1
   c - Vampiric Draining              Necromancy                   3
   d - Regeneration                   Charms/Necromancy            3
   e - Animate Dead                   Necromancy                   4
   f - Borgnjor's Vile Clutch         Necromancy/Earth             5
Comestibles
 c - a ration
 d - 3 chunks of flesh


   Skills:
 + Level 1.2 Fighting
 + Level 1.2 Short Blades
 + Level 1.2 Long Blades
 + Level 1.2 Axes
 + Level 1.2 Maces & Flails
 + Level 1.2 Polearms
 + Level 1.2 Staves
 + Level 1.2 Slings
 + Level 1.2 Bows
 + Level 1.2 Crossbows
 + Level 1.2 Throwing
 + Level 1.2 Armour
 + Level 4.6 Dodging
 + Level 4.3 Stealth
 + Level 1.2 Shields
 + Level 1.2 Unarmed Combat
 + Level 5.1 Spellcasting
 + Level 1.0 Conjurations
 + Level 1.0 Hexes
 + Level 1.0 Charms
 + Level 1.0 Summonings
 + Level 7.1 Necromancy
 + Level 1.0 Translocations
 + Level 1.0 Transmutations
 + Level 1.0 Fire Magic
 + Level 1.0 Ice Magic
 + Level 1.0 Air Magic
 + Level 1.0 Earth Magic
 + Level 1.0 Poison Magic
 + Level 1.3 Invocations
 + Level 1.2 Evocations


You had 9 spell levels left.
You knew the following spells:

 Your Spells              Type           Power        Failure   Level  Hunger
a - Pain                  Necr           ####         1%          1    None
b - Animate Skeleton      Necr           N/A          1%          1    None


Dungeon Overview and Level Annotations

Branches:
Dungeon (1/1)

Altars:
Cheibriados
Dithmenos
Elyvilon
Fedhas
Gozag
Hepliaklqana
Kikubaaqudgha
Makhleb
Nemelex Xobeh
Okawaru
Qazlal
Ru
Sif Muna
Trog
Uskayaw
Vehumet
Wu Jian
Xom
Yredelemnul
Zin
The Shining One
Beogh
Jiyva
Lugonu

Shops:
D [}!%!(=:


Innate Abilities, Weirdness & Mutations

Your experience applies equally to all skills.
You have very sharp teeth.
Your uncanny sense of smell can sniff out nearby items.


Message History

You are very lightly contaminated with residual magic.
As you read the scroll of blinking {@r4}, it crumbles to dust.
You are engulfed in a cloud of scalding steam.
You take 2 damage, and have 7/21 hp.
The orange crystal statue is engulfed in mutagenic fog.
The orange crystal statue is engulfed in mutagenic fog.
There is an open door here.
You enter the shallow water.
Moving in this stuff is going to be slow.
The orange crystal statue is engulfed in mutagenic fog.
Found Kecwimpa's Book Shop.
Found three shops.
As you open the door, it creaks loudly!
A hell rat comes into view.
The hell rat roars deafeningly!
Found a glowing long sword.
Unknown command.
The hell rat bites you!
Ouch! That really hurt!
You die...

##. .##.####s? .∩.
.#≈ .w w. ... ∆ ∩.∩
.#≈ # $#. #..##
.∩.⌠ #≈ #a #+#
n##..# ∩.∩..#≈
#a.##.##.n.#..#
.∩...+≈ ∆ #+.<.+#
∆+..## ∩....#≈
#a.##.##.n.#....
▓▓▓###≈##a ##†##
n##....
#≈@####.#.####≈≈...
∆
##r≈≈#.##..#≈≈§§h≈§
∆
#'#≈###..##≈≈h§≈≈≈
∆
#)#≈≈##'##≈h≈≈§≈§≈
####≈≈h≈≈≈≈≈≈≈§≈§§
∆#+++#+++#≈≈≈§§§
≈≈§≈§ ##≈§≈##
§≈§§≈§≈§≈##§≈#∆
+≈≈§≈§8§§§≈§+§§#


You could see a polar bear and a hell rat.

Vanquished Creatures
  3 worms (D)
3 creatures vanquished.

Vanquished Creatures (others)
  Menkaure (D)
  A crocodile (D)
2 creatures vanquished.

Grand Total: 5 creatures vanquished

Notes
Turn   | Place    | Note
-------+----------+-------------------------------------------
     0 | D        | Flooderbenga the Gnoll Necromancer began the quest for the Orb.
     0 | D        | Reached XP level 1. HP: 13/13 MP: 6/6
     1 | D        | Noticed a tyrant leech
     1 | D        | Noticed a tyrant leech
     4 | D        | Noticed a worker ant
     4 | D        | Noticed a worker ant
     4 | D        | Noticed a worker ant
     4 | D        | Noticed a worker ant
    10 | D        | Killed a crocodile
    15 | D        | Reached skill level 5 in Spellcasting
    18 | D        | Reached skill level 1 in Fighting
    18 | D        | Reached skill level 1 in Short Blades
    18 | D        | Reached skill level 1 in Long Blades
    18 | D        | Reached skill level 1 in Axes
    18 | D        | Reached skill level 1 in Maces & Flails
    18 | D        | Reached skill level 1 in Polearms
    18 | D        | Reached skill level 1 in Staves
    18 | D        | Reached skill level 1 in Slings
    18 | D        | Reached skill level 1 in Bows
    18 | D        | Reached skill level 1 in Crossbows
    18 | D        | Reached skill level 1 in Throwing
    18 | D        | Reached skill level 1 in Armour
    18 | D        | Reached skill level 1 in Shields
    18 | D        | Reached skill level 1 in Unarmed Combat
    18 | D        | Reached skill level 1 in Invocations
    18 | D        | Reached skill level 1 in Evocations
    18 | D        | Reached XP level 2. HP: 21/21 MP: 6/8
    21 | D        | Reached skill level 1 in Conjurations
    21 | D        | Reached skill level 1 in Hexes
    21 | D        | Reached skill level 1 in Charms
    21 | D        | Reached skill level 1 in Summonings
    21 | D        | Reached skill level 1 in Translocations
    21 | D        | Reached skill level 1 in Transmutations
    21 | D        | Reached skill level 1 in Fire Magic
    21 | D        | Reached skill level 1 in Ice Magic
    21 | D        | Reached skill level 1 in Air Magic
    21 | D        | Reached skill level 1 in Earth Magic
    21 | D        | Reached skill level 1 in Poison Magic
    38 | D        | Killed Menkaure
    43 | D        | Learned a level 1 spell: Animate Skeleton
    45 | D        | Noticed a necrophage
    45 | D        | Noticed a necrophage
    45 | D        | Noticed a necrophage
    45 | D        | Noticed a necrophage
    60 | D        | Noticed an orange crystal statue
    69 | D        | Found an iron altar of Okawaru.
    69 | D        | Found an opulent altar of Gozag.
    70 | D        | Found a sparkling altar of Nemelex Xobeh.
    70 | D        | Found a blossoming altar of Fedhas.
    71 | D        | Found a radiant altar of Vehumet.
    71 | D        | Found a burning altar of Makhleb.
    71 | D        | Found a white marble altar of Elyvilon.
    72 | D        | Found a hide-covered altar of Uskayaw.
    72 | D        | Found a corrupted altar of Lugonu.
    72 | D        | Found a shadowy altar of Dithmenos.
    73 | D        | Found a glowing silver altar of Zin.
    73 | D        | Found a bloodstained altar of Trog.
    73 | D        | Found an ancient bone altar of Kikubaaqudgha.
    74 | D        | Found a basalt altar of Yredelemnul.
    74 | D        | Found a deep blue altar of Sif Muna.
    74 | D        | Found a viscous altar of Jiyva.
    75 | D        | Found a shimmering altar of Xom.
    75 | D        | Found a sacrificial altar of Ru.
    82 | D        | Noticed a redback
    86 | D        | Noticed a deep elf master archer
    95 | D        | Found a glowing golden altar of the Shining One.
    95 | D        | Found an ornate altar of the Wu Jian Council.
    95 | D        | Found a stormy altar of Qazlal.
    97 | D        | Found a snail-covered altar of Cheibriados.
    97 | D        | Found a hazy altar of Hepliaklqana.
    98 | D        | Found a roughly hewn altar of Beogh.
   100 | D        | Noticed a crocodile
   102 | D        | Noticed a crocodile
   105 | D        | Became a worshipper of Cheibriados the Contemplative
   109 | D        | Noticed a polar bear
   110 | D        | Noticed a hornet
   111 | D        | Noticed a yaktaur
   111 | D        | Noticed a polar bear
   111 | D        | Was placed under penance by Cheibriados
   115 | D        | Noticed a polar bear
   126 | D        | Found Kecwimpa's Book Shop.
   127 | D        | Found Fant's Antique Weapon Shop.
   127 | D        | Found Qiysyu's Distillery.
   127 | D        | Found Qiareud's Jewellery Boutique.
   129 | D        | Found Miasaxza's Distillery.
   129 | D        | Found Weteppew's Gadget Boutique.
   129 | D        | Found Tumaqim's Antique Armour Shop.
   129 | D        | Found Jity's Food Shop.
   129 | D        | Mangled by a hell rat

Skill      XL: |  1  2 |
---------------+-------+-----
Spellcasting   | 5 |  5.1
Fighting       | 1 |  1.2
Short Blades   | 1 |  1.2
Long Blades    | 1 |  1.2
Axes           | 1 |  1.2
Maces & Flails | 1 |  1.2
Polearms       | 1 |  1.2
Staves         | 1 |  1.2
Slings         | 1 |  1.2
Bows           | 1 |  1.2
Crossbows      | 1 |  1.2
Throwing       | 1 |  1.2
Armour         | 1 |  1.2
Shields        | 1 |  1.2
Unarmed Combat | 1 |  1.2
Invocations    | 1 |  1.3
Evocations     | 1 |  1.2
Conjurations   | 1 |  1.0
Hexes          | 1 |  1.0
Charms         | 1 |  1.0
Summonings     | 1 |  1.0
Translocations | 1 |  1.0
Transmutations | 1 |  1.0
Fire Magic     | 1 |  1.0
Ice Magic      | 1 |  1.0
Air Magic      | 1 |  1.0
Earth Magic    | 1 |  1.0
Poison Magic   | 1 |  1.0
Dodging        | |  4.6
Stealth        | |  4.3
Necromancy     | |  7.1

Action                   || total
-------------------------++-------
Melee: Unarmed           ||     8
       Bite              ||     2
 Cast: Pain              ||     1
  Use: Potion            ||     2
       Scroll            ||     1
Armor: Robe              ||     2
Dodge: Dodged            ||     5
